Map: Curious Minds LE

Players

MoWjAhEeD

  • Race: Terran Terran
  • League: Master
  • Spawn Location: 5:00

Pumba - Winner!

  • Race: Protoss Protoss
  • League: Master
  • Spawn Location: 11:00

VOD

Have the link to the VOD?

Description

Time

  • Played on: March 29, 2022, 7:26 p.m.
  • Length: 11:50
Show
View Real Time Build Order
Export as new Build Order

MoWjAhEeD Terran 

Build Orders:  

Get SALT Encoding   

  12  0:00  SCV  
  13  0:12  SCV  
  14  0:17  Supply Depot  
  14  0:24  SCV  
  15  0:38  SCV  
  15  0:39  Barracks  
  16  0:43  Refinery  
  16  0:50  SCV  
  17  1:02  SCV  
  18  1:15  SCV  
  19  1:26  Marine  
  19  1:28  Orbital Command  
  20  1:50  Command Center  
  20  1:51  Barracks Reactor  
  20  1:52  Supply Depot  
  20  1:55  SCV  
  21  2:07  Barracks, SCV  
  22  2:15  Barracks  
  22  2:19  SCV  
  23  2:28  Bunker, Marine  
  23  2:29  Marine  
  25  2:31  SCV  
  26  2:43  SCV  
  27  2:46  Marine x2  
  29  2:54  Refinery, Barracks Tech Lab  
  29  2:55  SCV  
  30  3:02  Barracks Tech Lab  
  30  3:04  Marine x2  
  30  3:05  Orbital Command  
  32  3:11  SCV  
  33  3:21  Marine x2  
  33  3:22  Stimpack  
  33  3:24  SCV  
  36  3:30  SCV  
  36  3:32  Supply Depot  
  37  3:36  SCV, Marine x2  
  37  3:39  Combat Shield  
  40  3:45  Marine x2  
  42  3:51  SCV x2  
  42  3:54  Marine  
  42  3:55  Supply Depot  
  45  3:58  Factory  
  45  4:04  Engineering Bay  
  45  4:05  SCV  
  46  4:15  SCV, Marine x3  
  46  4:16  Marine  
  47  4:17  SCV  
  47  4:21  Supply Depot  
  48  4:27  SCV  
  48  4:29  SCV  
  50  4:33  Marine x3  
  50  4:34  Marine  
  54  4:40  Supply Depot  
  54  4:42  SCV x2  
  54  4:44  Supply Depot  
  54  4:45  Starport  
  56  4:46  Factory Reactor  
  56  4:54  Refinery, SCV x2  
  56  5:02  Missile Turret  
  56  5:04  Missile Turret  
  56  5:06  SCV x2  
  58  5:13  Terran Infantry Weapons Level 1  
  58  5:15  Concussive Shells  
  58  5:16  Marine  
  58  5:17  Marine x3  
  58  5:18  SCV x2  
  64  5:28  Medivac, Factory Reactor  
  64  5:29  Refinery  
  64  5:30  SCV x2, Medivac  
  64  5:34  Marine  
  71  5:42  SCV x2  
  71  5:56  Command Center  
  67  5:59  Missile Turret, Marine x4  
  70  6:05  SCV x2  
  72  6:13  Barracks x2  
  72  6:14  Engineering Bay  
  72  6:17  Missile Turret  
  72  6:18  Armory  
  72  6:19  SCV  
  72  6:20  SCV  
  72  6:22  Marine  
  75  6:29  Widow Mine x2  
  75  6:30  Marauder  
  75  6:32  Marauder  
  83  6:40  Supply Depot  
  83  6:41  Supply Depot  
  83  6:42  Marine x2  
  83  6:45  SCV  
  86  7:01  Supply Depot, SCV, Marauder, Marine x2  
  86  7:02  Marauder  
  86  7:03  Supply Depot  
  85  7:11  Viking x2  
  85  7:12  Barracks Tech Lab  
  85  7:13  Barracks Reactor  
  79  7:16  Widow Mine x2  
  79  7:20  SCV x2  
  85  7:29  Terran Infantry Weapons Level 2  
  85  7:30  Terran Infantry Armor Level 1  
  85  7:32  Orbital Command  
  85  7:38  Marauder x3, Marine x2  
  85  7:41  SCV x2  
  95  7:47  Missile Turret  
  95  7:54  Supply Depot, Medivac x2  
  95  7:58  Starport  
  99  8:05  Factory Tech Lab  
  99  8:06  Terran Ship Weapons Level 1  
  99  8:07  Ghost Academy, SCV  
  99  8:08  SCV  
  99  8:09  SCV  
  101  8:16  Sensor Tower  
  101  8:23  Marine x5  
  101  8:24  Viking x2  
  101  8:25  Refinery  
  101  8:26  SCV x3  
  113  8:29  Refinery, Siege Tank  
  116  8:39  Command Center  
  116  8:40  SCV  
  116  8:41  SCV x2  
  118  8:49  Marauder x2, Marine x3  
  118  8:50  Marauder  
  118  8:55  Viking x2  
  129  9:00  Viking, Medivac  
  133  9:05  Supply Depot  
  133  9:07  Supply Depot, Siege Tank  
  136  9:16  Marauder, Marine x2  
  136  9:17  Marauder x2  
  136  9:29  Marine x2  
  132  9:34  Marine x2  
  132  9:38  Marauder x3  
  76  9:47  Marine x2  
  76  9:49  SCV x2  
  66  9:59  Marauder x2  
  66  10:00  Marauder  
  66  10:21  Marauder x2  
Show
View Real Time Build Order
Export as new Build Order

Pumba Protoss - Winner!

Build Orders: 1 Gate Expand, Phoenix Opening, Colossus Rush 

Get SALT Encoding   

  12  0:00  Probe  
  13  0:14  Probe  
  13  0:19  Pylon  
  14  0:26  Probe  
  15  0:39  Gateway, Probe (Chrono Boost)  
  16  0:44  Assimilator  
  16  0:49  Probe (Chrono Boost)  
  17  0:57  Probe  
  18  1:09  Probe  
  19  1:21  Probe  
  20  1:28  Nexus  
  20  1:38  Cybernetics Core  
  20  1:40  Probe  
  21  1:47  Assimilator  
  22  1:54  Probe  
  22  1:55  Pylon  
  22  2:06  Probe  
  23  2:12  Adept (Chrono Boost)  
  25  2:18  Probe  
  26  2:24  Stargate  
  26  2:30  Probe (Chrono Boost)  
  26  2:32  Warp Gate  
  26  2:34  Adept (Chrono Boost)  
  29  2:41  Probe (Chrono Boost)  
  31  2:48  Probe (Chrono Boost)  
  31  2:51  Probe (Chrono Boost)  
  32  2:55  Probe (Chrono Boost)  
  32  2:56  Probe (Chrono Boost)  
  34  3:06  Probe  
  34  3:07  Probe  
  34  3:10  Phoenix (Chrono Boost)  
  38  3:14  Pylon  
  38  3:15  Robotics Facility  
  38  3:19  Probe  
  37  3:21  Probe  
  37  3:23  Adept  
  40  3:31  Probe  
  40  3:33  Probe  
  42  3:35  Phoenix (Chrono Boost)  
  44  3:42  Pylon  
  44  3:43  Probe  
  44  3:45  Probe, Assimilator  
  46  3:49  Assimilator  
  46  3:55  Shield Battery, Probe  
  47  3:57  Probe  
  47  3:59  Phoenix (Chrono Boost)  
  50  4:08  Probe  
  52  4:10  Probe  
  51  4:22  Phoenix  
  51  4:23  Zealot, Probe x2  
  57  4:27  Gateway  
  57  4:33  Robotics Bay  
  57  4:35  Probe  
  57  4:36  Probe  
  59  4:39  Gateway  
  59  4:44  Pylon  
  59  4:47  Probe  
  59  4:49  Phoenix  
  62  5:02  Observer  
  62  5:05  Adept  
  62  5:06  Probe  
  66  5:09  Nexus  
  66  5:11  Pylon  
  66  5:20  Probe  
  67  5:24  Pylon  
  67  5:26  Pylon  
  67  5:28  Pylon  
  67  5:32  Colossus (Chrono Boost)  
  67  5:34  Extended Thermal Lance (Chrono Boost)  
  67  5:40  Sentry  
  67  5:42  Zealot  
  77  5:56  Probe  
  74  6:06  Probe  
  75  6:14  Shield Battery, Phoenix (Chrono Boost), Observer  
  75  6:16  Colossus (Chrono Boost)  
  77  6:24  Twilight Council  
  83  6:26  Forge  
  83  6:31  Shield Battery  
  83  6:33  Probe x2  
  83  6:34  Probe  
  86  6:43  Zealot x2  
  86  6:45  Probe  
  91  6:49  Probe x2  
  91  6:52  Pylon  
  91  6:54  Pylon  
  93  6:57  Probe  
  93  6:59  Colossus (Chrono Boost)  
  101  7:01  Zealot, Probe  
  101  7:02  Protoss Ground Weapons Level 1 (Chrono Boost)  
  101  7:10  Charge (Chrono Boost)  
  101  7:14  Probe x3  
  104  7:16  Observer  
  104  7:17  Assimilator  
  104  7:21  Assimilator  
  104  7:28  Gateway  
  104  7:30  Templar Archives, Gateway  
  104  7:31  Gateway  
  104  7:32  Gateway, Probe x2  
  104  7:34  Probe  
  107  7:38  Gateway  
  108  7:44  Probe x2  
  108  7:45  Warp Prism (Chrono Boost)  
  108  7:47  Observer, Probe  
  112  8:03  Zealot x3  
  118  8:11  Observer (Chrono Boost)  
  119  8:23  Pylon  
  119  8:24  Pylon  
  119  8:28  Observer  
  119  8:29  High Templar  
  119  8:30  High Templar x3  
  119  8:31  High Templar x2, Pylon  
  119  8:32  Pylon  
  132  8:34  Archon x2  
  132  8:35  Archon  
  131  8:56  Observer  
  131  8:58  Zealot x2  
  131  9:00  Nexus  
  136  9:02  Observer, Protoss Ground Armor Level 1 (Chrono Boost)  
  136  9:04  Pylon  
  136  9:06  Pylon  
  136  9:10  Zealot x6  
  136  9:11  Gateway  
  136  9:14  Gateway  
  136  9:16  Gateway  
  146  9:26  Zealot x2  
  130  9:41  Stalker  
  130  9:42  Zealot x5  
  128  10:07  Robotics Facility  
  128  10:13  Forge  
  128  10:28  Assimilator  
  128  10:32  Assimilator  
  128  10:52  High Templar x6  
  128  10:54  Probe x2  
  128  10:56  Disruptor x2 (Chrono Boost), Probe x2  
  128  10:57  Archon x2  
  128  10:58  Archon  
  128  11:13  Zealot x5  
  128  11:17  Photon Cannon  
Tags
 
Add a new tag
Caveats
  • Supply blocks, unpowered buildings, or Contaminate may cause inaccurate times.
  • Supply counts are checked every 10 seconds.